 Dungeon Crawl Stone Soup version 0.28-a0-819-g6ef7baa362 (webtiles) character file.

Game seed: 3419732326224510307

2 croobank the Insei (level 1, 0/13 HPs)
             Began as an Octopode Transmuter on Nov 8, 2021.
             Succumbed to a kobold's poison
             ... on level 1 of the Dungeon.
             The game lasted 00:00:55 (43 turns).

croobank the Insei (Octopode Transmuter)              Turns: 43, Time: 00:00:55

Health: 0/13       AC:  1    Str:  9    XL:     1   Next: 30%
Magic:  3/3        EV: 13    Int: 15    God:
Gold:   35         SH:  0    Dex: 12    Spells: 3/4 levels left

rFire   . . .      SeeInvis .   a - +0 short sword
rCold   . . .      Faith    .   (no shield)
rNeg    . . .      Spirit   .   (helmet restricted)
rPois   .          Reflect  .   (no amulet)
rElec   .          Harm     .   (no ring)
rCorr   .          Rampage  .   (no ring)
Will    .....                   (no ring)
Stlth   ++........              (no ring)
HPRegen 0.04/turn               (no ring)
MPRegen 0.08/turn               (no ring)
                                (no ring)
                                (no ring)

@: lethally poisoned (0 -> -2)
A: almost no armour, amphibious, 8 rings, camouflage 1, gelatinous body 1,
(nimble swimmer 1), tentacles
a: no special abilities


You were on level 1 of the Dungeon.
You visited 1 branch of the dungeon, and saw 1 of its levels.

You collected 35 gold pieces.

Inventory:

Hand Weapons
 a - a +0 short sword (weapon)


   Skills:
 + Level 1.0 Fighting
 + Level 2.0 Dodging
 + Level 3.0 Unarmed Combat
 + Level 2.1 Spellcasting
 + Level 2.0 Transmutations


You had 3 spell levels left.
You knew the following spells:

 Your Spells              Type           Power      Damage    Failure   Level
a - Beastly Appendage     Tmut           14%        N/A       10%         1

Your spell library contained the following spells:

 Spells                   Type           Power      Damage    Failure   Level
 Wereblood                Tmut           7%         N/A       14%         2
 Spider Form              Tmut/Pois      4%         N/A       41%         3
 Ice Form                 Ice/Tmut       4%         N/A       82%         4


Dungeon Overview and Level Annotations

Branches:
Dungeon (1/15)

Altars:


Innate Abilities, Weirdness & Mutations

You cannot wear most types of armour.
You are amphibious.
You can wear up to eight rings at the same time.
Your skin changes colour to match your surroundings (Stealth+).
Your rubbery body absorbs attacks. (AC +1, EV +1)
((You are camouflaged near water. (Stealth+)))
You have tentacles for arms and can constrict up to eight enemies at once.


Message History

You see here a +0 short sword.
a - a +0 short sword You aren't carrying any wearable armour.
a - a +0 short sword (weapon)
You now have 8 gold pieces.
Found a stone staircase leading down.
You now have 17 gold pieces (gained 9).
There is a stone staircase leading down here.
A goblin comes into view. It is wielding a +0 club.
A goblin is nearby!
The goblin shouts!
You see here 18 gold pieces.
You now have 35 gold pieces (gained 18).
A kobold comes into view.
It is wielding a +2 short sword of venom.
The kobold shouts!
You hit the goblin.
You kill the goblin!
The kobold throws a stone.
The stone closely misses you.
You see here a +0 club.
You miss the kobold. Your grab misses the kobold. The kobold barely misses you.
You miss the kobold. You grab the kobold. You constrict the kobold.
The kobold hits you with a +2 short sword of venom.
You are lethally poisoned!
You hit the kobold but do no damage. You squeeze the kobold.
The kobold is severely wounded.
You constrict the kobold.
You kill the kobold!
You feel very sick.
You feel sick.
Things that are here:
a +2 short sword of venom; 4 stones You feel sick.
* * * LOW HITPOINT WARNING * * *
You feel sick.
You aren't carrying any potions.
* * * LOW HITPOINT WARNING * * *
You feel sick.
* * * LOW HITPOINT WARNING * * *
You feel sick.
You die...

.... ..... ... ....#
#.. ....# ..##....#
##.......# #........#
#........##. ....
#...@....##.## ....
#.....#####... ....
###.)#######..###....
......#)...............
#####.#...P#≈#P.....P#
# #.#..P##≈##P...P##≈#
# #...≈≈≈≈≈..<..≈≈≈≈
#..P##≈##P...P##≈#
#...P#≈#P.....P#≈#


There were no monsters in sight!

Vanquished Creatures
  A goblin (D:1)
  A kobold (D:1)
2 creatures vanquished.

Notes
Turn   | Place    | Note
-------+----------+-------------------------------------------
     0 | D:1      | croobank the Octopode Transmuter began the quest for the
                  | Orb.
     0 | D:1      | Reached XP level 1. HP: 13/13 MP: 3/3
    43 | D:1      | Succumbed to a kobold's poison

Illustrated notes

Levels and vault maps discovered:
D:1:      eino_arrival_water_cross, layout_basic, minmay_tetromino_o2

Action                   || total
-------------------------++-------
Melee: Short sword       ||     4
       Constrict         ||     1
       Tentacles         ||     1
Dodge: Dodged            ||     2

Table legend: (Time is in decaauts)
 A = Elapsed time spent in this place.
 B = Non-inter-level travel time spent in this place.
 C = Inter-level travel time spent in this place.
 D = Time resting spent in this place.
 E = Time spent auto-exploring this place.
 F = Levels seen in this place.
 G = Mean time per level.
                   A        B        C        D        E       F      G
               +--------+--------+--------+--------+--------+-----+--------+
         Total |     42 |     42 |      0 |      0 |     23 |   1 |   42.0 |
       Dungeon |     42 |     42 |      0 |      0 |     23 |   1 |   42.0 |
               +--------+--------+--------+--------+--------+-----+--------+

Top non-repeatable levels by time:
     D:1: 42 daAuts
